 Dungeon Crawl Stone Soup version 0.31-a0-788-ga445dbd2db (webtiles) character file.

Game seed: 14042545903472644909

139 Ijustatesigmund the Magician (level 5, 0/29 HPs)
             Began as a Deep Elf Fire Elementalist on Sept 18, 2023.
             Slain by a quokka (4 damage)
             ... on level 4 of the Dungeon.
             The game lasted 00:04:18 (3236 turns).

Ijustatesigmund the Magician (DEFE)                 Turns: 3236, Time: 00:04:19

Health: 0/29       AC:  4    Str:  5    XL:     5   Next: 1%
Magic:  8/13       EV: 12    Int: 22    God:
Gold:   145        SH:  0    Dex: 15    Spells: 9/12 levels left

rFire   . . .        c - +4 short sword (drain)
rCold   . . .        (no shield)
rNeg    . . .        a - +0 robe
rPois   .            (no helmet)
rElec   .            f - +1 cloak
rCorr   .            (no gloves)
SInv    .            (no boots)
Will    .....        (no amulet)
Stlth   ++           (no ring)
HPRegen 0.24/turn    (no ring)
MPRegen 0.13/turn

%: no passive effects
@: lethally poisoned (0 -> -2), slowed, very slow
A: no striking features
a: no special abilities


You were on level 4 of the Dungeon.
You visited 1 branch of the dungeon, and saw 4 of its levels.

You collected 145 gold pieces.

Inventory:

Hand Weapons
 c - a +4 short sword of draining (weapon)
Missiles
 d - a throwing net
 g - 6 darts of dispersal (quivered)
Armour
 a - a +0 robe (worn)
 f - a +1 cloak (worn)
Jewellery
 s - an amulet of faith
Scrolls
 e - a scroll of noise {unknown}
 k - a scroll of enchant weapon
 l - 2 scrolls of identify
 q - a scroll of poison {unknown}
 r - a scroll of fear
 t - a scroll of blinking {unknown}
 u - a scroll of vulnerability {unknown}
Potions
 b - a potion of magic
 h - 3 potions of curing
 i - a potion of experience {unknown}
 j - a potion of berserk rage {unknown}
 m - a potion of degeneration {unknown}
 n - a potion of lignification {unknown}
 o - a potion of brilliance {unknown}
 p - a potion of attraction {unknown}


   Skills:
 + Level 1.6 Fighting
 - Level 2.4 Dodging
 - Level 2.4 Stealth
 + Level 4.3 Spellcasting
 + Level 2.7 Conjurations
 + Level 4.2 Fire Magic


You had 9 spell levels left.
You knew the following spells:

 Your Spells              Type           Power      Damage    Failure   Level
a - Foxfire               Conj/Fire      80%        2x1d8     2%          1
b - Scorch                Fire           46%        2d6       2%          2

Your spell library contained the following spells:

 Spells                   Type           Power      Damage    Failure   Level
 Inner Flame              Hex/Fire       14%        N/A       14%         3
 Volatile Blastmotes      Fire/Tloc      28%        2d12      14%         3
 Flame Wave               Conj/Fire      20%        2d7       26%         4


Dungeon Overview and Level Annotations

Branches:
Dungeon (4/15)
 Temple: D:4-7

Altars:
Uskayaw


Message History

The curare-tipped dart barely misses you.
Casting: Foxfire (safe; 2% risk of failure)
Confirm with . or Enter, or press ? or * to list all spells.
You conjure some foxfire!
Your foxfire dissipates!
A quokka comes into view.
The foxfire hits the kobold brigand.
The kobold brigand is moderately wounded.
The foxfire hits the kobold brigand.
The kobold brigand is heavily wounded.
Casting: Foxfire (safe; 2% risk of failure)
Confirm with . or Enter, or press ? or * to list all spells.
You conjure some foxfire!
The foxfire hits the kobold brigand.
The kobold brigand is severely wounded.
The foxfire hits the kobold brigand.
The kobold brigand is severely wounded.
The kobold brigand throws a curare-tipped dart.
The curare-tipped dart hits you.
You are poisoned.
You have difficulty breathing.
You feel yourself slow down.
Casting: Foxfire (safe; 2% risk of failure)
Confirm with . or Enter, or press ? or * to list all spells.
Flames lash the kobold brigand.
The kobold brigand is almost dead.
The kobold brigand's fire resistance burns away.
You feel very sick.
You feel sick.
The quokka bites you but does no damage.
The kobold brigand hits you with a +0 dagger.
Casting: Scorch (safe; 2% risk of failure)
Confirm with . or Enter, or press ? or * to list all spells.
You conjure some foxfire!
You feel sick.
The kobold brigand is no longer more vulnerable to fire.
The quokka bites you.
* * * LOW HITPOINT WARNING * * *
The kobold brigand hits you with a +0 dagger.
* * * LOW HITPOINT WARNING * * *
The quokka bites you.
You die...

##### #...# .
####.#.#### ...
#..#.#..vK#.....
###..#...#@r......
#<...#..##v....#..
###.##..##.###....
#..........# ...
########.#.# ..
#.# #.. #.#


You could see a kobold brigand (ally target) and a quokka (ally target).

Vanquished Creatures
  An orc wizard (D:3)
  An adder (D:3)
  A howler monkey skeleton (D:3)
  An adder zombie (D:3)
  An adder skeleton (D:3)
  2 worms (D:2)
  3 dart slugs
  4 orcs (D:3)
  7 ball pythons
  4 endoplasms
  2 giant cockroaches (D:1)
  3 goblins (D:3)
  9 hobgoblins
  7 quokkas
  5 bats
  A jackal skeleton (D:3)
  8 kobolds
  8 rats
68 creatures vanquished.

Vanquished Creatures (others)
  186 foxfires
186 creatures vanquished.

Grand Total: 254 creatures vanquished

Notes
Turn   | Place    | Note
-------+----------+-------------------------------------------
     0 | D:1      | Ijustatesigmund the Deep Elf Fire Elementalist began the
                  | quest for the Orb.
     0 | D:1      | Reached XP level 1. HP: 10/10 MP: 6/6
   230 | D:1      | Reached XP level 2. HP: 16/16 MP: 5/8
   249 | D:1      | Learned a level 2 spell: Scorch
   798 | D:1      | Reached XP level 3. HP: 20/20 MP: 5/10
  1098 | D:2      | Reached skill level 1 in Fighting
  2177 | D:3      | Reached XP level 4. HP: 21/25 MP: 4/12
  2373 | D:3      | Found a faded altar of an unknown god.
  2593 | D:3      | Found a hide-covered altar of Uskayaw.
  2869 | D:3      | Reached XP level 5. HP: 29/29 MP: 8/13
  3236 | D:4      | Slain by a quokka

Illustrated notes

Levels and vault maps discovered:
D:1:      spicycebolla_arrival_clurvy, layout_basic, serial_park_tiny_pond,
          minmay_tromino_v2
D:2:      layout_basic, kennysheep_generic_room_13
D:3:      layout_loops_ring, nicolae_uskayaw_suspiria,
          shapermc_ecumenical_altar_starsandcircs, serial_undead,
          serial_undead_c, serial_undead_d, serial_undead_b, serial_undead_b
D:4:      layout_basic, dk_noncrumbling_4, kennysheep_generic_room_2

Skill      XL: |  1  2  3 |
---------------+----------+-----
Fighting       | 1 |  1.6
Conjurations   | 2 |  2.7
Spellcasting   | 4 |  4.3
Fire Magic     | 4 |  4.2
Dodging        | |  2.4
Stealth        | |  2.4

Action                     |  1- 3 |  4- 6 || total
---------------------------+-------+-------++-------
  Melee: Short sword       |     2 |    15 ||    17
         Punch             |       |     1 ||     1
   Cast: Foxfire           |   100 |    19 ||   119
         Scorch            |    10 |    14 ||    24
    Use: Scroll            |     4 |       ||     4
   Stab: Sleeping          |     1 |       ||     1
 Armour: Robe              |     9 |    14 ||    23
  Dodge: Dodged            |     9 |    11 ||    20

Table legend: (Time is in decaauts)
 A = Elapsed time spent in this place.
 B = Non-inter-level travel time spent in this place.
 C = Inter-level travel time spent in this place.
 D = Time resting spent in this place.
 E = Time spent auto-exploring this place.
 F = Levels seen in this place.
 G = Mean time per level.
                   A        B        C        D        E       F      G
               +--------+--------+--------+--------+--------+-----+--------+
         Total |   3235 |   3153 |     82 |    167 |   2479 |   4 |  808.8 |
       Dungeon |   3235 |   3153 |     82 |    167 |   2479 |   4 |  808.8 |
               +--------+--------+--------+--------+--------+-----+--------+

Top non-repeatable levels by time:
     D:2: 1144 daAuts
     D:3: 1069 daAuts
     D:1: 999 daAuts
     D:4: 21 daAuts
